 Dungeon Crawl Stone Soup version 0.19-a0-1490-g5dd3618 (webtiles) character file.

5 Amnesiac the Insei (level 1, 0/13 HPs)
             Began as an Octopode Transmuter on Sept 8, 2016.
             Slain by an adder (3 damage)
             ... on level 2 of the Dungeon.
             The game lasted 00:01:16 (374 turns).

Amnesiac the Insei (Octopode Transmuter)             Turns: 374, Time: 00:01:16

Health: 0/13       AC:  1    Str:  9    XL:     1   Next: 80%
Magic:  3/3        EV: 13    Int: 15    God:
Gold:   14         SH:  0    Dex: 12    Spells: 1 memorised, 3 levels left

rFire  . . .     SeeInvis .       - Unarmed
rCold  . . .     Gourm    .     (no shield)
rNeg   . . .     Faith    .     (helmet restricted)
rPois  .         Spirit   .     (no amulet)
rElec  .         Dismiss  .     (no ring)
rCorr  .         Reflect  .     (no ring)
MR     .....     Harm     .     (no ring)
Stlth  ++........               (no ring)
                                (no ring)
                                (no ring)
                                (no ring)
                                (no ring)

@: lethally poisoned (0 -> -12), appendage (expiring)
A: almost no armour, stealthy swim, amphibious, 8 rings, constrict 8, tentacle
spike 3, camouflage 1, gelatinous body 1
a: End Transformation


You were on level 2 of the Dungeon.
You were not hungry.
One of your tentacles had a temporary spike.
You visited 1 branch of the dungeon, and saw 2 of its levels.

You collected 14 gold pieces.

Inventory:

Hand Weapons
 g - a +1 hand axe of chopping
Missiles
 a - 12 arrows
Scrolls
 d - a scroll of immolation {unknown}
 e - a scroll of identify {unknown}
 f - a scroll of recharging {unknown}
Potions
 i - a potion of might {unknown}
Books
 b - a book of Changes

   Spells                             Type                      Level
   a - Beastly Appendage              Transmutation                1
   b - Sticks to Snakes               Transmutation                2
   c - Spider Form                    Transmutation/Poison         3
   d - Ice Form                       Ice/Transmutation            4
   e - Blade Hands                    Transmutation                5
Comestibles
 c - a bread ration
 h - a slice of pizza
 j - a meat ration


   Skills:
 - Level 1.0 Fighting
 - Level 2.0 Dodging
 - Level 3.0 Unarmed Combat
 - Level 2.0 Spellcasting
 + Level 2.5 Transmutations


You had 3 spell levels left.
You knew the following spells:

 Your Spells              Type           Power        Failure   Level  Hunger
e - Beastly Appendage     Tmut           #.....       10%         1    #......


Dungeon Overview and Level Annotations

Branches:
Dungeon (2/15)

Altars:


Innate Abilities, Weirdness & Mutations

You cannot wear most types of armour.
You are very stealthy in the water.
You are amphibious.
You can wear up to eight rings at the same time.
You can use your tentacles to constrict eight enemies at once.
Your skin changes colour to match your surroundings (Stealth+).
Your rubbery body absorbs attacks. (AC +1, EV +1)
One of your tentacles bears a large vicious spike.


Message History

The adder poisons you!
You miss the adder. Your grab misses the adder.
You pierce the adder.
Your squeeze misses the adder.
The adder is moderately wounded.
You feel sick. The adder barely misses you. x2
Unknown command.
You barely miss the adder. Your grab misses the adder.
Your tentacle spike misses the adder.
The adder is moderately wounded.
Your transformation is almost over.
* * * LOW HITPOINT WARNING * * *
You feel sick. The adder misses you. The adder closely misses you.
Unknown command.
Wield which item (- for none, * to show all)? (? for menu, Esc to quit)
You are now empty-tentacled.
You closely miss the adder. Your grab misses the adder.
The adder is moderately wounded.
* * * LOW HITPOINT WARNING * * *
You feel sick. The adder bites you.
You die...

+.... #....# #....
#....#?... #....
#....#.... #....
#....#.... #
#....####...<+...### ..#
#........#.....##..#
+........+..........
#....(...#...S......
#........#..@.....>.
#....#####..........
#....# #..........
#....#####†.........
...##...................
............$...........
###....#................
#....#......####......
#....#......# #####


You could see an adder.

Vanquished Creatures
  A giant gecko (D:1)
  A giant cockroach (D:2)
  A giant newt (D:1)
  A kobold (D:1)
  A rat (D:2)
5 creatures vanquished.

Notes
Turn   | Place    | Note
-------+----------+-------------------------------------------
     0 | D:1      | Amnesiac the Octopode Transmuter began the quest for the Orb.
     0 | D:1      | Reached XP level 1. HP: 13/13 MP: 3/3
   374 | D:2      | Slain by an adder

Vault maps used:
D:1:      lemuel_arrival_tunnels
D:2:      kennysheep_goblin_castle, lightli_temple_of_fire, uniq_jessica,
          uniq_terence, uniq_crazy_yiuf_cottage

Action                   || total
-------------------------++-------
Melee: Unarmed           ||    10
       Hand axe          ||     7
       Constrict         ||     3
       Kick              ||     1
       Tentacles         ||     1
 Cast: Beastly Appendage ||     1
 Stab: Sleeping          ||     1
Dodge: Dodged            ||    13
